AoeStats
← El pingüino

Arena

509988645Analyzed
3v3 RM · 3d ago on Sep 28, 2026· 35m 22s· 6 players
Game mode
Random Map
Map size
Normal (6 player)
Population
200
Speed
Normal
Resources
Standard
Victory
Conquest
Starting age
Dark Age
Ending age
Imperial Age
RankedLock teamsTeams togetherTeam positionsShared explorationLock speedFull tech treeHidden civsTurbo modeCheats
Victory
Defeat
🇦🇷 Teutons · Argentina
1475
+12
🇦🇷 Turks · Argentina
1474
+12
🇦🇷 Byzantines · Argentina
1281
+20
🇱🇹 Saracens · Lithuania
1432
-17
🇦🇷 Tatars · Argentina
1362
-14
🇮🇹 Teutons · Italy
1350
-13
El Maxo
10:31 Feudal Age
12:20 Loom
15:00 Castle Age
13:35 Double-Bit Axe
16:01 Bow Saw
27:48 Wheelbarrow
27:43 Fletching
27:54 Padded Archer Armor
28:39 Bodkin Arrow
Freddy
5:38 Loom
8:49 Feudal Age
9:56 Fletching
17:19 Double-Bit Axe
19:53 Horse Collar
23:24 Wheelbarrow
23:12 Gold Mining
24:48 Stone Mining
31:12 Castle Age
32:29 Bow Saw
32:20 Heavy Plow
32:36 Hand Cart
33:53 Scale Mail Armor
37:27 Imperial Age
35:06 Squires
35:23 Chain Mail Armor
35:19 Forging
tiesiogsaras
10:17 Feudal Age
14:50 Castle Age
14:03 Double-Bit Axe
14:49 Stone Mining
15:33 Fletching
16:00 Bow Saw
21:04 Loom
23:54 Wheelbarrow
26:51 Scale Barding Armor
27:08 Horse Collar
28:16 Chain Barding Armor
28:43 Bloodlines
29:00 Husbandry
29:11 Forging
32:03 Heavy Plow
37:22 Imperial Age
35:08 Hand Cart
34:40 Light Cavalry
Batman
11:39 Feudal Age
13:31 Double-Bit Axe
13:43 Gold Mining
16:13 Castle Age
14:17 Horse Collar
14:28 Loom
20:48 Imperial Age
19:31 Bow Saw
23:39 Wheelbarrow
30:05 Padded Archer Armor
30:36 Heavy Plow
31:23 Leather Archer Armor
El Guason
9:42 Feudal Age
13:45 Castle Age
12:37 Double-Bit Axe
12:52 Horse Collar
18:27 Wheelbarrow
19:41 Gold Mining
20:04 Bloodlines
21:21 Scale Barding Armor
21:27 Forging
22:58 Chain Barding Armor
23:47 Iron Casting
25:58 Hand Cart
25:29 Town Watch
32:04 Imperial Age
29:19 Loom
30:31 Stone Mining
32:31 Cavalier
33:49 Plate Barding Armor
34:14 Blast Furnace
34:39 Conscription
33:40 Elite Teutonic Knight
34:24 Squires
34:11 Arson
35:42 Stone Shaft Mining
35:34 Scale Mail Armor
El pingüino
6:00 Loom
11:11 Feudal Age
18:50 Wheelbarrow
19:23 Wheelbarrow
19:36 Fletching
19:47 Scale Mail Armor
21:34 Double-Bit Axe
22:05 Horse Collar
Connection lost

Rejoining the realm…

Still unreachable

The connection could not be restored.

Session expired

The server has moved on; the page needs a fresh start.